 Dungeon Crawl Stone Soup version 0.28-a0-533-g9f97627e2a (webtiles) character file.

Game seed: 15266510056943198073

2062 barkas the Cleaver (level 9, -10/85 HPs)
             Began as a Naga Abyssal Knight on Sept 25, 2021.
             Was a Priest of Lugonu.
             Killed from afar by Maggie (18 damage)
             ... with a bolt of fire
             ... on level 7 of the Dungeon.
             The game lasted 00:14:12 (10641 turns).

barkas the Cleaver (Naga Abyssal Knight)           Turns: 10641, Time: 00:14:12

Health: -10/85     AC:  6    Str: 19    XL:     9   Next: 25%
Magic:  13/13      EV:  9    Int: 10    God:    Lugonu [***...]
Gold:   239        SH:  0    Dex: 12    Spells: 8/8 levels left

rFire   . . .      SeeInvis +   b - +0 war axe
rCold   . . .      Faith    .   (no shield)
rNeg    . . .      Spirit   .   x - +0 leather armour
rPois   +          Reflect  .   h - +0 helmet
rElec   .          Harm     .   i - +0 cloak
rCorr   .          Rampage  .   (no gloves)
Will    +....                   (no barding)
Stlth   +.........              (no amulet)
HPRegen 0.24/turn               (no ring)
MPRegen 0.13/turn               (no ring)

@: attractive, hasted, quick
A: AC +3, large, see invisible, deformed body, poison resistance, slowness 2,
spit poison 1, naga tail 1
a: Spit Poison, Renounce Religion, Depart the Abyss, Bend Space, Banish


You were on level 7 of the Dungeon.
You worshipped Lugonu.
Lugonu was most pleased with you.
You visited 1 branch of the dungeon, and saw 8 of its levels.
You visited the Abyss 1 time.

You collected 239 gold pieces.

Inventory:

Hand Weapons
 a - a +0 spear of venom
 b - a +0 war axe (weapon)
 f - a +3 mace
 r - a +1 hand axe
Missiles
 o - 15 poisoned darts (quivered)
 p - a throwing net
Armour
 h - a +0 helmet (worn)
 i - a +0 cloak (worn)
 w - a +0 kite shield
 x - a +0 leather armour (worn)
Magical Staves
 c - a staff of fire
Scrolls
 d - a scroll of summoning
 g - 4 scrolls of identify
 m - 4 scrolls of amnesia {unknown}
 n - a scroll of silence {unknown}
 t - a scroll of blinking {unknown}
 u - a scroll of enchant armour {unknown}
Potions
 e - 4 potions of brilliance
 k - a potion of mutation {unknown}
 l - a potion of attraction
 q - a potion of ambrosia {unknown}
 s - a potion of resistance {unknown}
 v - a potion of heal wounds {unknown}
 z - a potion of flight {unknown}


   Skills:
 + Level 6.4 Fighting
 * Level 8.3 Axes
 - Level 1.5 Armour
 - Level 0.7 Dodging
 * Level 2.3 Shields
 + Level 6.5 Invocations


You had 8 spell levels left.
You didn't know any spells.
Your spell library contained the following spells:

 Spells                   Type           Power      Damage    Failure   Level
 Ensorcelled Hibernation  Hex/Ice        0%         N/A       56%         2
 Sublimation of Blood     Necr           0%         N/A       56%         2
 Spider Form              Tmut/Pois      0%         N/A       80%         3
 Tukima's Dance           Hex            0%         N/A       80%         3
 Petrify                  Tmut/Erth      0%         N/A       99%         4
 Irradiate                Conj/Tmut      0%         3d14      100%        5
 Borgnjor's Revivificati  Necr           0%         N/A       100%        8
 Necromutation            Tmut/Necr      0%         N/A       100%        8
 Death's Door             Necr           0%         N/A       100%        9


Dungeon Overview and Level Annotations

Branches:
Dungeon (8/15)             Temple (0/1) D:7
   Lair: D:8-11

Altars:
Dithmenos
Fedhas
Makhleb
Trog
Wu Jian
Yredelemnul
The Shining One

Shops:
D:2 (

Annotations:
D:3 Grinder
D:7 Maggie


Innate Abilities, Weirdness & Mutations

Your serpentine skin is tough. (AC +3)
You have supernaturally acute eyesight. (SInv)
Armour fits poorly on your strangely shaped body.
Your system is resistant to poisons. (rPois)
You cover ground very slowly.
You can spit poison.
You have a snake-like lower body.


Message History

Maggie is moderately wounded.
You break out of your daze.
Maggie hits you with a +0 halberd!
You slash Maggie!
Maggie is moderately wounded.
You closely miss Maggie.
Maggie is heavily wounded.
Maggie hits you with a +0 halberd.
You slash Maggie!
Maggie is severely wounded.
Maggie hits you with a +0 halberd!!
You hit Maggie but do no damage.
Maggie is severely wounded.
Maggie closely misses you.
You barely miss Maggie.
Maggie is severely wounded.
You closely miss Maggie.
Maggie is severely wounded.
Maggie casts a spell.
Maggie attempts to bespell you! You resist with almost no effort.
You hit Maggie but do no damage.
Maggie is severely wounded.
Maggie gives herself a magical halo, but it quickly sputters out.
Maggie barely misses you.
You barely miss Maggie.
Maggie is severely wounded.
You closely miss Maggie.
Maggie is severely wounded.
Maggie casts a spell at you. The bolt of fire hits you!!
* * * LOW HITPOINT WARNING * * *
You hit Maggie.
Maggie is almost dead.
Maggie hits you with a +0 halberd!
* * * LOW HITPOINT WARNING * * *
You hit Maggie but do no damage.
Maggie is almost dead.
Maggie points at you and mumbles some strange words.
The bolt of fire hits you!!
You die...

........###.........
#............###.....##.
#...########...#..####..
##...# ###.#.###. .#
#.....# ##........# #
....... ####.........#
#....... #.....######..
.......####............
#...@.#@@...###########
##.......#####
#.......## #.......#####
#...........# #....<#
##...## ####


You could see Maggie (very poisoned).

Vanquished Creatures
  A steam dragon (D:7)
  An orc warrior (D:7)
  A sky beast (D:7)
  A black bear (D:4)
  4 ogres
  Blork the orc (D:5)
  A bullfrog (D:7)
  2 scorpions
  2 gnoll sergeants (D:6)
  3 water moccasin skeletons
  4 hounds
  3 orc priests
  An iguana (D:5)
  Terence (D:3)
  A scorpion zombie (D:5)
  2 orc wizards
  2 hound skeletons (D:4)
  10 gnolls
  8 adders
  A shadow imp (D:6)
  2 white imps
  An adder zombie (D:5)
  An adder skeleton (D:4)
  2 worms
  2 dart slugs
  10 orcs
  4 ball pythons
  7 bats
  8 endoplasms
  2 giant cockroaches
  4 goblins
  7 hobgoblins
  7 quokkas
  A frilled lizard (D:2)
  7 kobolds
  5 rats
120 creatures vanquished.

Vanquished Creatures (collateral kills)
  4 gnolls (D:6)
4 creatures vanquished.

Vanquished Creatures (others)
  An orc (D:7)
  16 plants (D:3)
17 creatures vanquished.

Grand Total: 141 creatures vanquished

Notes
Turn   | Place    | Note
-------+----------+-------------------------------------------
     0 | Abyss:1  | barkas the Naga Abyssal Knight began the quest for the Orb.
     0 | Abyss:1  | Reached XP level 1. HP: 21/21 MP: 2/2
    16 | D:1      | Escaped the Abyss
   377 | D:1      | Reached XP level 2. HP: 28/28 MP: 3/3
   852 | D:1      | Reached XP level 3. HP: 33/34 MP: 4/4
  1380 | D:1      | Reached skill level 3 in Axes
  1636 | D:2      | Found Hovvemer's Antique Weapon Shoppe.
  1659 | D:2      | Reached ** piety under Lugonu
  1719 | D:2      | Reached XP level 4. HP: 39/42 MP: 6/6
  1837 | D:2      | Found an ornate altar of the Wu Jian Council.
  2877 | D:3      | Noticed Terence
  3160 | D:3      | Killed Terence
  3161 | D:3      | Reached XP level 5. HP: 43/50 MP: 7/7
  3269 | D:3      | Reached skill level 4 in Axes
  3677 | D:3      | Reached XP level 6. HP: 31/57 MP: 8/8
  3982 | D:3      | Noticed Grinder
  4678 | D:4      | Reached skill level 5 in Axes
  4789 | D:4      | Noticed a black bear
  4959 | D:4      | Reached XP level 7. HP: 36/66 MP: 8/10
  5272 | D:5      | Entered Level 5 of the Dungeon
  5446 | D:4      | Reached skill level 5 in Fighting
  5446 | D:4      | Reached skill level 6 in Axes
  5750 | D:5      | Noticed Blork the orc
  5758 | D:5      | Killed Blork the orc
  5758 | D:5      | Reached *** piety under Lugonu
  5759 | D:5      | Reached skill level 5 in Invocations
  5775 | D:5      | Reached XP level 8. HP: 41/74 MP: 9/11
  6263 | D:5      | You fall into a shaft and drop 1 floor!
  6588 | D:6      | Reached skill level 7 in Axes
  6817 | D:6      | Found a glowing golden altar of the Shining One.
  6892 | D:6      | Found a bloodstained altar of Trog.
  7045 | D:6      | HP: 3/76 [gnoll (6)]
  8796 | D:7      | Reached skill level 1 in Shields
  8871 | D:7      | Found a shadowy altar of Dithmenos.
  8985 | D:7      | Found a staircase to the Ecumenical Temple.
  9226 | D:7      | Reached skill level 8 in Axes
  9226 | D:7      | Reached XP level 9. HP: 33/82 MP: 13/13
  9822 | D:5      | Found a blossoming altar of Fedhas.
  9822 | D:5      | Found a burning altar of Makhleb.
  9859 | D:5      | Found a basalt altar of Yredelemnul.
 10422 | D:7      | Noticed Maggie
 10641 | D:7      | Killed from afar by Maggie

Illustrated notes

Levels and vault maps discovered:
D:1:      dpeg_cavernosity, layout_basic
D:2:      layout_rooms, serial_shops, shop, basic_altar,
          chequers_serial_rivers_room_b
D:3:      minmay_spotlight, layout_basic, dilly_ecumenical_altar_fadedgnrine,
          uniq_terence, uniq_grinder
D:4:      layout_loops_ring
D:5:      layout_loops_ring, minitemple, uniq_blork_the_orc
D:6:      layout_basic, overflow_temple_1_default,
          nicolae_overflow_hidden_temple
D:7:      layout_rooms, nicolae_dithmenos_the_darkroom,
          minmay_temple_entry_wispy, uniq_maggie
D:8:      layout_gridville, uniq_grum

Skill      XL: |  1  2  3  4  5  6  7  8  9 |
---------------+----------------------------+-----
Axes           | 3 4 5 6 8 |  8.3
Invocations    | 3 4 5 6 |  6.5
Fighting       | 4 5 6 |  6.4
Shields        | 1 2 |  2.3
Armour         | |  1.5
Dodging        | |  0.7

Action                   |  1- 3 |  4- 6 |  7- 9 || total
-------------------------+-------+-------+-------++-------
Melee: Hand axe          |    46 |   124 |   117 ||   287
       Spear             |       |       |    93 ||    93
       War axe           |       |       |    13 ||    13
Throw: Dart              |       |       |    36 ||    36
Invok: Bend Space        |       |     3 |    21 ||    24
       Banish            |       |       |     1 ||     1
 Abil: Spit Poison       |    20 |    52 |    49 ||   121
Evoke: Wand              |       |       |     8 ||     8
  Use: Potion            |       |     4 |     5 ||     9
       Scroll            |       |     5 |     2 ||     7
 Stab: Paralysed         |       |       |    15 ||    15
       Sleeping          |       |       |     1 ||     1
Armor: Leather armour    |     9 |    39 |    77 ||   125
Dodge: Dodged            |    29 |    59 |   129 ||   217

Table legend: (Time is in decaauts)
 A = Elapsed time spent in this place.
 B = Non-inter-level travel time spent in this place.
 C = Inter-level travel time spent in this place.
 D = Time resting spent in this place.
 E = Time spent auto-exploring this place.
 F = Levels seen in this place.
 G = Mean time per level.
                   A        B        C        D        E       F      G
               +--------+--------+--------+--------+--------+-----+--------+
         Total |  12811 |  11706 |   1105 |   2983 |   6999 |   9 | 1423.4 |
       Dungeon |  12789 |  11684 |   1105 |   2983 |   6988 |   8 | 1598.6 |
         Abyss |     22 |     22 |      0 |      0 |     11 |   1 |   22.0 |
               +--------+--------+--------+--------+--------+-----+--------+

Top non-repeatable levels by time:
     D:6: 2732 daAuts
     D:1: 2025 daAuts
     D:4: 1950 daAuts
     D:3: 1741 daAuts
     D:5: 1550 daAuts
     D:2: 1512 daAuts
     D:7: 835 daAuts
     D:8: 442 daAuts
 Abyss:1: 22 daAuts
